 Dungeon Crawl Stone Soup version 0.28.0 (webtiles) character file.

Game seed: 13608393235829604556

150 RighteousDevil the Ruffian (level 5, -1/81 HPs)
             Began as a Troll Monk on Feb 15, 2022.
             Slain by an endoplasm (3 damage)
             ... summoned by a hobgoblin
             ... led by Robin
             ... on level 3 of the Dungeon.
             The game lasted 00:02:37 (2242 turns).

RighteousDevil the Ruffian (Troll Monk)             Turns: 2242, Time: 00:02:37

Health: -1/81      AC:  5    Str: 19    XL:     5   Next: 10%
Magic:  4/4        EV: 10    Int:  6    God:
Gold:   111        SH:  0    Dex: 14    Spells: 4/4 levels left

rFire   . . .      SeeInvis .     - Unarmed
rCold   . . .      Faith    .   (no shield)
rNeg    . . .      Spirit   .   a - +0 robe
rPois   .          Reflect  .   c - +1 hat
rElec   .          Harm     .   (no cloak)
rCorr   .          Rampage  .   (gloves unavailable)
Will    .....                   (boots unavailable)
Stlth   ..........              (no amulet)
HPRegen 1.03/turn               (no ring)
MPRegen 0.09/turn               (no ring)

@: berserking, very quick
A: large, unfitting armour, claws 3, regeneration 1, shaggy fur 1, tough skin 1
a: no special abilities


You were on level 3 of the Dungeon.
You visited 1 branch of the dungeon, and saw 3 of its levels.

You collected 111 gold pieces.

Inventory:

Armour
 a - a +0 robe (worn)
 c - a +1 hat (worn)
Jewellery
 g - a +6 ring of strength
Scrolls
 h - 2 scrolls of brand weapon
 j - a scroll of enchant weapon {unknown}
Potions
 b - a potion of attraction
 e - a potion of resistance {unknown}
 f - a potion of haste {unknown}


   Skills:
 + Level 3.8 Fighting
 - Level 2.4 Dodging
 - Level 1.0 Stealth
 + Level 4.6 Unarmed Combat


You had 4 spell levels left.
You didn't know any spells.
Your spell library contained the following spells:

 Spells                   Type           Power      Damage    Failure   Level
 Summon Guardian Golem    Hex/Summ       0%         N/A       83%         3
 Orb of Destruction       Conj           0%         9d5       100%        7
 Spellforged Servitor     Conj/Summ      0%         N/A       100%        7


Dungeon Overview and Level Annotations

Branches:
Dungeon (3/15)

Altars:
Kikubaaqudgha

Annotations:
D:3 Robin


Innate Abilities, Weirdness & Mutations

You are too large for most types of armour.
You have claws for hands.
Your natural rate of healing is unusually fast.
You are covered in fur. (AC +1)
You have tough skin. (AC +1)


Message History

Unknown command.
You are too injured to fight recklessly!
Unknown command.
You are too injured to fight recklessly!
Unknown command.
You are too injured to fight recklessly!
Unknown command.
As you read the scroll labelled AGEOSAUJEO, it crumbles to dust.
It is a scroll of brand weapon.
You aren't carrying any weapons that can be branded.
The hobgoblin hits you. The goblin hits you but does no damage.
The goblin barely misses you.
The hobgoblin hits you but does no damage.
The goblin barely misses you. The endoplasm freezes you.
You are frozen.
* * * LOW HITPOINT WARNING * * *
The hobgoblin closely misses you.
As you read the scroll labelled GAMEWU ZEGA, it crumbles to dust.
It is a scroll of identify.
b - a potion of attraction The hobgoblin closely misses you.
The goblin hits you with a +0 club.
* * * LOW HITPOINT WARNING * * *
The goblin hits you with a +0 club.
* * * LOW HITPOINT WARNING * * *
The hobgoblin hits you.
* * * LOW HITPOINT WARNING * * *
The goblin barely misses you.
The endoplasm hits you but does no damage.
The hobgoblin barely misses you.
It was a potion of berserk rage.
A red film seems to cover your vision as you go berserk!
You feel yourself moving faster!
You feel mighty! The hobgoblin hits you.
* * * LOW HITPOINT WARNING * * *
The goblin hits you with a +0 club.
* * * LOW HITPOINT WARNING * * *
The goblin barely misses you. The hobgoblin hits you.
* * * LOW HITPOINT WARNING * * *
The goblin hits you but does no damage. The endoplasm hits you.
You die...

#####..≈≈#
..#####...#..≈≈##
##'##..'.).'..≈≈≈#
#...#..#)..#..≈≈≈##
#...#..#########≈≈.
#...#..........#≈≈.
#ggg#..........'...
#ggJ#.......†.†'...
#g@g#..).......'...
#.gg#..).......#≈≈#
#''##..#########≈≈#
#......# ≈≈##
#......+ ≈≈≈#
#......# ≈≈##
######## ##


You could see Robin, an endoplasm (summoned), 5 hobgoblins and 3 goblins.

Vanquished Creatures
  An orc wizard (D:3)
  4 adders
  An ufetubus (D:3)
  A worm (D:2)
  A dart slug (D:3)
  5 orcs (D:3)
  4 ball pythons
  5 bats (D:1)
  4 endoplasms
  A giant cockroach (D:3)
  11 goblins
  10 hobgoblins
  3 jackals (D:3)
  4 kobolds
  3 quokkas
  A frilled lizard (D:2)
  7 rats
66 creatures vanquished.

Notes
Turn   | Place    | Note
-------+----------+-------------------------------------------
     0 | D:1      | RighteousDevil the Troll Monk began the quest for the Orb.
     0 | D:1      | Reached XP level 1. HP: 22/22 MP: 0/0
    68 | D:1      | Found a faded altar of an unknown god.
   199 | D:1      | Reached XP level 2. HP: 29/29 MP: 1/1
   640 | D:1      | Reached XP level 3. HP: 35/37 MP: 2/2
  1312 | D:2      | Found an ancient bone altar of Kikubaaqudgha.
  1473 | D:2      | Reached skill level 4 in Unarmed Combat
  1512 | D:2      | Reached XP level 4. HP: 44/45 MP: 3/3
  2102 | D:3      | Reached XP level 5. HP: 54/54 MP: 4/4
  2231 | D:3      | Noticed Robin
  2242 | D:3      | HP: 4/81 [goblin[Robin] (3)]
  2242 | D:3      | Slain by an endoplasm

Illustrated notes

Levels and vault maps discovered:
D:1:      dpeg_arrival_stone_temple_mockup, layout_loops_corners, serial_rivers,
          chequers_serial_rivers_micro_e, chequers_serial_rivers_micro_d,
          chequers_serial_rivers_micro_a, chequers_serial_rivers_micro_a,
          chequers_serial_rivers_micro_b, ebering_ecumenical_altar_webs,
          minmay_misc_feat_five
D:2:      layout_loops_ring, basic_altar
D:3:      kennysheep_goblin_castle, layout_loops_ring, xom_teletrap_fun,
          fountainhead, serial_bayou_lagoon_a, palyth_stone_intersect,
          minivault_27, minmay_misc_feat_encased

Skill      XL: |  1  2  3 |
---------------+----------+-----
Fighting       | 3 |  3.8
Unarmed Combat | 4 |  4.6
Dodging        | |  2.4
Stealth        | |  1.0

Action                   |  1- 3 |  4- 6 || total
-------------------------+-------+-------++-------
Melee: Unarmed           |    78 |    92 ||   170
       Punch             |     2 |     4 ||     6
  Use: Scroll            |       |     2 ||     2
       Potion            |       |     1 ||     1
 Stab: Sleeping          |     2 |     2 ||     4
Armor: Robe              |    30 |    49 ||    79
Dodge: Dodged            |    41 |    48 ||    89
